 Dungeon Crawl Stone Soup version 0.22.1-1-ga44c0e56f4 (webtiles) character file.

116 Nixze the Conjurer (level 4, 0/24 HPs)
             Began as a Deep Elf Wizard on Oct 28, 2018.
             Slain by a goblin (4 damage)
             ... led by Robin
             ... on level 2 of the Dungeon.
             The game lasted 00:05:45 (1902 turns).

Nixze the Conjurer (Deep Elf Wizard)                Turns: 1902, Time: 00:05:46

Health: 0/24       AC:  4    Str:  4    XL:     4   Next: 69%
Magic:  7/12       EV: 13    Int: 24    God:
Gold:   67         SH:  2    Dex: 13    Spells: 6/11 levels left

rFire    . . .     SeeInvis .   r - +2 dagger (venom)
rCold    . . .     Gourm    .   (no shield)
rNeg     . . .     Faith    .   a - +0 robe
rPois    .         Spirit   .   b - +0 hat
rElec    .         Reflect  +   h - +0 cloak
rCorr    .         Harm     .   m - +0 pair of gloves
MR       .....                  (no boots)
Stlth    ++........             f - +2 amulet of reflection
HPRegen  0.08/turn              i - ring of wizardry
MPRegen  0.13/turn              (no ring)

@: no status effects
A: no striking features
a: no special abilities


You were on level 2 of the Dungeon.
You were not hungry.

You visited 1 branch of the dungeon, and saw 2 of its levels.

You collected 67 gold pieces.

Inventory:

Hand Weapons
 r - a +2 dagger of venom (weapon)
Armour
 a - a +0 robe (worn)
 b - a +0 hat (worn)
 h - a +0 cloak (worn)
 m - a +0 pair of gloves (worn)
Jewellery
 f - a +2 amulet of reflection (around neck)
 i - a ring of wizardry (left hand)
Scrolls
 c - a scroll of amnesia {unknown}
 e - a scroll of blinking {unknown}
 g - a scroll of identify {unknown}
 j - a scroll of immolation {unknown}
 l - 2 scrolls of remove curse {unknown}
 n - a scroll of teleportation {unknown}
Potions
 k - a potion of degeneration {unknown}
 p - a potion of heal wounds {unknown}
 q - a potion of ambrosia {unknown}
Comestibles
 d - 3 rations


   Skills:
 - Level 2.4 Dodging
 - Level 2.4 Stealth
 - Level 4.4 Spellcasting
 + Level 5.1 Conjurations
   Level 1.1 Summonings
 - Level 1.1 Translocations


You had 6 spell levels left.
You knew the following spells:

 Your Spells              Type           Power        Failure   Level  Hunger
a - Magic Dart            Conj           ####         1%          1    None
b - Blink                 Tloc           N/A          3%          2    None
c - Slow                  Hex            #.......     6%          2    None

Your spell library contained the following spells:

 Spells                   Type           Power        Failure   Level  Hunger
 Call Imp                 Summ           ##......     3%          2    None
 Conjure Flame            Conj/Fire      ###.....     4%          3    ##.....
 Mephitic Cloud           Conj/Pois/Air  ##......     6%          3    ##.....


Dungeon Overview and Level Annotations

Branches:
Dungeon (2/15)

Altars:
Fedhas
Makhleb
Nemelex Xobeh


Message History

Your Conjurations skill increases to level 5!
The goblin misses you.
Casting: Magic Dart (safe; 1% risk of failure)
Confirm with . or Enter, or press ? or * to list all spells.
Aiming: Magic Dart (safe; 1% risk of failure)
Press: ? - help, Shift-Dir - straight line, f - frilled lizard
Aim: a frilled lizard The magic dart hits the frilled lizard.
You kill the frilled lizard!
The goblin barely misses you.
Casting: Magic Dart (safe; 1% risk of failure)
Confirm with . or Enter, or press ? or * to list all spells.
Aiming: Magic Dart (safe; 1% risk of failure)
Press: ? - help, Shift-Dir - straight line, f - goblin
Aim: a goblin (unusually strong)
The magic dart hits the goblin.
The goblin is severely wounded.
The goblin no longer looks unusually strong.
The goblin hits you.
You die...

# #.# #.. #.. ###
### ...# #..
..#.###### #..#
#.# ......s@†#
#..####.#
....####g#
#.......# . #.#
#.####..# #.# #.#
#..#
#.#######.####.).
#..............).
########....#....
#....#.###
####.#.# #


You could see a giant cockroach and a goblin.

Vanquished Creatures
  Jessica (D:2)
  Robin (D:2)
  A shadow imp (D:2)
  4 dart slugs
  A worm (D:2)
  2 leopard geckos (D:1)
  6 bats (D:1)
  4 giant cockroaches
  14 goblins
  4 hobgoblins
  2 jackals (D:1)
  5 kobolds
  A quokka (D:2)
  2 ball pythons
  2 frilled lizards
  4 rats
54 creatures vanquished.

Notes
Turn   | Place    | Note
-------+----------+-------------------------------------------
     0 | D:1      | Nixze the Deep Elf Wizard began the quest for the Orb.
     0 | D:1      | Reached XP level 1. HP: 10/10 MP: 7/7
   118 | D:1      | Reached skill level 2 in Conjurations
   290 | D:1      | Reached XP level 2. HP: 15/15 MP: 5/9
   515 | D:1      | Reached skill level 3 in Conjurations
   793 | D:1      | Reached XP level 3. HP: 19/19 MP: 5/10
   982 | D:1      | Learned a level 2 spell: Blink
   985 | D:1      | Learned a level 2 spell: Slow
  1020 | D:2      | Found a blossoming altar of Fedhas.
  1248 | D:2      | Reached skill level 4 in Conjurations
  1250 | D:2      | Noticed Robin
  1651 | D:2      | Found a sparkling altar of Nemelex Xobeh.
  1651 | D:2      | Noticed Jessica
  1656 | D:2      | Killed Jessica
  1656 | D:2      | Reached XP level 4. HP: 24/24 MP: 4/12
  1784 | D:2      | Found a burning altar of Makhleb.
  1900 | D:2      | Killed Robin
  1900 | D:2      | Reached skill level 5 in Conjurations
  1902 | D:2      | Slain by a goblin

Skill      XL: |  1  2  3  4 |
---------------+-------------+-----
Conjurations   | 2 3 4 5 |  5.1
Dodging        | |  2.4
Stealth        | |  2.4
Spellcasting   | |  4.4
Summonings     | |  1.1
Translocations | |  1.1

Action                   |  1- 3 |  4- 6 || total
-------------------------+-------+-------++-------
Melee: Unarmed           |     3 |       ||     3
       Dagger            |     8 |    22 ||    30
 Cast: Magic Dart        |    97 |    13 ||   110
       Slow              |     3 |     1 ||     4
  Eat: Chunk             |     2 |     1 ||     3
Armor: Robe              |     7 |    11 ||    18
Dodge: Dodged            |    13 |    19 ||    32
Block: Other             |     1 |       ||     1
